 Dungeon Crawl Stone Soup version 0.17-a0-737-gf0a300a (webtiles) character file.

149 Ngotmuk the Skirmisher (level 5, -5/50 HPs)
             Began as a Naga Fighter on Apr 21, 2015.
             Slain by Ngotmuk's ghost (12 damage)
             ... on level 3 of the Dungeon.
             The game lasted 00:08:24 (2335 turns).

Ngotmuk the Skirmisher (Naga Fighter)               Turns: 2335, Time: 00:08:24

Health: -5/50      AC:  6    Str: 20    XL:     5   Next: 31%
Magic:  5/5        EV:  3    Int:  6    God:
Gold:   107        SH:  9    Dex: 10    Spells: 0 memorised, 4 levels left

rFire  . . .     SeeInvis +     a - +0 long sword
rCold  . . .     Clarity  .     q - +0 chain mail (curse)
rNeg   + . .     SustAb   .     c - +0 shield
rPois  +         Gourm    .     (no helmet)
rElec  .         Spirit   .     (no cloak)
rCorr  .         Warding  +     (no gloves)
rMut   .         Stasis   .     (no barding)
MR     .....                    b - amulet of warding
Stlth  ..........               (no ring)
                                p - -2 ring of intelligence (curse)

@: very slow, not resistant to hostile enchantments, extremely unstealthy
A: see invisible, deformed body, poison resistance, slowness 2, slow metabolism
1, spit poison 2, AC +1
a: Spit Poison


You were on level 3 of the Dungeon.
You were not hungry.

You visited 1 branch of the dungeon, and saw 3 of its levels.

You collected 107 gold pieces.

Inventory:

Hand weapons
 a - a +0 long sword (weapon)
Armour
 c - a +0 shield (worn)
 q - a cursed +0 chain mail (worn)
Jewellery
 b - an amulet of warding (around neck)
 p - a cursed -2 ring of intelligence (left hand)
Magical devices
 s - a wand of invisibility (6)
Scrolls
 f - a scroll of recharging {unknown}
 g - a scroll of magic mapping {unknown}
 i - a scroll of enchant weapon {unknown}
 j - 4 scrolls of remove curse {unknown}
 k - a scroll of immolation {unknown}
 l - 2 scrolls of teleportation {unknown}
 m - 3 scrolls of identify {unknown}
 n - 2 scrolls of random uselessness {unknown}
Potions
 d - 2 potions of might
 h - 2 potions of curing {unknown}
 o - a potion of restore abilities {unknown}
 r - 2 potions of invisibility {unknown}
Comestibles
 e - a bread ration


   Skills:
 + Level 4.0 Fighting
 + Level 3.1 Long Blades
 + Level 3.1 Armour
 + Level 3.2 Shields


You had 4 spell levels left.
You didn't know any spells.

Dungeon Overview and Level Annotations

Branches:
Dungeon (3/15)

Altars:

Annotations:
D:3 Ngotmuk's ghost, average NaFi


Innate Abilities, Weirdness & Mutations

You cannot wear boots.
Your serpentine skin is tough (AC +1).
You have supernaturally acute eyesight.
Armour fits poorly on your strangely shaped body.
Your system is resistant to poisons.
You cover ground very slowly.
You have a slow metabolism.
You can spit poison.


Message History

Ngotmuk's ghost hits you!
You hit Ngotmuk's ghost.
Ngotmuk's ghost is lightly damaged.
You block Ngotmuk's ghost's attack.
You hit Ngotmuk's ghost.
Ngotmuk's ghost is lightly damaged.
Ngotmuk's ghost hits you!
You slash Ngotmuk's ghost!
Ngotmuk's ghost is moderately damaged.
Ngotmuk's ghost barely misses you.
You hit Ngotmuk's ghost.
Ngotmuk's ghost is heavily damaged.
Ngotmuk's ghost hits you!
* * * LOW HITPOINT WARNING * * *
Ngotmuk's ghost hits you!
* * * LOW HITPOINT WARNING * * *
You barely miss Ngotmuk's ghost.
Ngotmuk's ghost is heavily damaged.
Ngotmuk's ghost hits you!
You die...

.#########
#.#.......#
#.#.#####.#
#.#.#...#.#
#.#.#...#.#
#.#.#.#.#.#
#.#.....#.#
#.###.#<#.#
#....@#.#.#.#
####...W.#.#.#.#
#........#.#.#.# #
#.##....##.#.#.. .#
#.##....'..#>#.###.
#.##....####.#.#..
#.##.......#.#.#.#
#.########.#.#.#.#
##..........#..†..#


You could see Ngotmuk's ghost.

Vanquished Creatures
  A worker ant (D:3)
  4 gnolls (D:2)
  2 adders
  An ooze (D:2)
  3 worms
  A ball python (D:2)
  4 bats
  10 hobgoblins
  6 jackals
  9 kobolds
  A quokka (D:2)
  2 giant cockroaches
  4 giant geckos
  3 giant newts
  4 goblins
  6 rats
61 creatures vanquished.

Notes
Turn   | Place    | Note
--------------------------------------------------------------
     0 | D:1      | Ngotmuk, the Naga Fighter, began the quest for the Orb.
     0 | D:1      | Reached XP level 1. HP: 21/21 MP: 1/1
   429 | D:1      | Reached XP level 2. HP: 21/28 MP: 2/2
   829 | D:1      | Reached XP level 3. HP: 34/34 MP: 3/3
  1473 | D:2      | Reached XP level 4. HP: 36/44 MP: 4/4
  2108 | D:3      | Reached XP level 5. HP: 38/50 MP: 5/5
  2315 | D:3      | Reached skill level 4 in Fighting
  2320 | D:3      | Noticed Ngotmuk's ghost (average NaFi)
  2335 | D:3      | Slain by Ngotmuk's ghost

Action                   |  1- 3 |  4- 6 || total
-------------------------+-------+-------++-------
Melee: Long sword        |   183 |    80 ||   263
 Abil: Spit Poison       |     3 |     3 ||     6
  Eat: Meat ration       |     1 |       ||     1
